 Dungeon Crawl Stone Soup version 0.20.2-3-g29329e0561 (webtiles) character file.

3721 Alfie the Carver (level 9, -5/78 HPs)
             Began as a Minotaur Fighter on Sept 25, 2020.
             Killed from afar by a hell hound (10 damage)
             ... with a blast of flame
             ... on level 10 of the Dungeon.
             The game lasted 00:17:01 (5718 turns).

Alfie the Carver (Minotaur Fighter)                 Turns: 5718, Time: 00:17:01

Health: -5/78      AC: 18    Str: 36    XL:     9   Next: 92%
Magic:  8/8        EV: 11    Int:  5    God:
Gold:   475        SH: 13    Dex: 15    Spells: 1/8 levels left

rFire    . . .     SeeInvis .   a - +1 long sword
rCold    . . .     Gourm    .   c - +0 shield
rNeg     . . .     Faith    .   b - +1 scale mail
rPois    +         Spirit   .   (helmet restricted)
rElec    .         Reflect  .   w - +5 cloak of Vijianum {rPois MR- Str+8 Dex+4}
rCorr    .         Harm     .   h - +2 pair of gloves
MR       .....                  (no boots)
Stlth    ..........             e - amulet of rage
Regen    0.3/turn               j - ring of protection from magic
MPRegen  0.2/turn               (no ring)

@: mighty, drained
A: retaliatory headbutt, horns 2
a: Evoke Berserk Rage


You were on level 10 of the Dungeon.
You were not hungry.

You visited 1 branch of the dungeon, and saw 10 of its levels.

You collected 475 gold pieces.

Inventory:

Hand Weapons
 a - a +1 long sword (weapon)
Armour
 b - a +1 scale mail (worn)
 c - a +0 shield (worn)
 h - a +2 pair of gloves (worn)
 w - the +5 cloak of Vijianum (worn) {rPois MR- Str+8 Dex+4}
   (You found it on level 6 of the Dungeon)

   It affects your strength (+8).
   It affects your dexterity (+4).
   It protects you from poison.
   It affects your resistance to hostile enchantments.
Jewellery
 e - an amulet of rage (around neck)
 j - a ring of protection from magic (left hand)
 x - an uncursed ring of protection from magic
 A - an uncursed ring of positive energy
Wands
 F - a wand of random effects (32/48)
 G - a wand of confusion (23/48)
Scrolls
 m - 4 scrolls of teleportation
 n - 4 scrolls of identify
 o - 9 scrolls of remove curse
 t - a scroll of fog
 u - a scroll of fear
 C - a scroll of blinking
Potions
 i - a potion of agility {unknown}
 k - 3 potions of curing
 l - a potion of flight {unknown}
 p - a potion of cancellation {unknown}
 r - 3 potions of magic
 s - a potion of ambrosia {unknown}
 z - 2 potions of haste {unknown}
Books
 v - a book of Power

   Spells                             Type                      Level
   a - Iskenderun's Battlesphere      Conjuration/Charms           5
   b - Venom Bolt                     Conjuration/Poison           5
   c - Bolt of Magma                  Conjuration/Fire/Earth       5
   d - Iron Shot                      Conjuration/Earth            6
   e - Orb of Destruction             Conjuration                  7
   f - Spellforged Servitor           Conjuration/Summoning        7
 y - a book of Misfortune

   Spells                             Type                      Level
   a - Confusing Touch                Hexes                        1
   b - Confuse                        Hexes                        3
   c - Gell's Gravitas                Translocation                3
   d - Petrify                        Transmutation/Earth          4
   e - Metabolic Englaciation         Hexes/Ice                    5
   f - Yara's Violent Unravelling     Hexes/Transmutation          5
 B - a book of Minor Magic

   Spells                             Type                      Level
   a - Magic Dart                     Conjuration                  1
   b - Blink                          Translocation                2
   c - Call Imp                       Summoning                    2
   d - Slow                           Hexes                        2
   e - Conjure Flame                  Conjuration/Fire             3
   f - Mephitic Cloud                 Conjuration/Poison/Air       3
 D - a book of Conjurations

   Spells                             Type                      Level
   a - Magic Dart                     Conjuration                  1
   b - Searing Ray                    Conjuration                  2
   c - Dazzling Spray                 Conjuration/Hexes            3
   d - Fulminant Prism                Conjuration/Hexes            4
   e - Force Lance                    Conjuration/Translocation    4
   f - Iskenderun's Mystic Blast      Conjuration                  4
Comestibles
 f - 4 bread rations
 g - 4 meat rations
 q - 5 royal jellies
 E - 3 fruits


   Skills:
 + Level 6.9(6.6) Fighting
 + Level 10.9(10.6) Long Blades
 + Level 7.8(7.4) Armour
 + Level 4.2(3.9) Dodging
 + Level 1.2(0.9) Stealth
 + Level 8.8(8.5) Shields


You had one spell level left.
You knew the following spells:

 Your Spells              Type           Power        Failure   Level  Hunger
a - Iskenderun's Battles  Conj/Chrm      #.......     100%        5    ######.
b - Confusing Touch       Hex            #.....       91%         1    ##.....
c - Magic Dart            Conj           #...         91%         1    ##.....


Dungeon Overview and Level Annotations

Branches:
Dungeon (10/15)            Temple (0/1) D:4            Lair (0/6) D:10
    Orc: D:9-12

Altars:
Nemelex Xobeh
Qazlal
Trog
The Shining One


Innate Abilities, Weirdness & Mutations

You reflexively headbutt those who attack you in melee.
You have a pair of horns on your head.


Message History

Something tries to affect you, but you resist.
You feel better. Something hits you.
* * * LOW HITPOINT WARNING * * *
Something bites you but does no damage.
You feel very mighty all of a sudden.
You hear some strange, mumbled words.
Something tries to affect you, but you resist.
You feel better. Something hits you but does no damage.
Something bites you but does no damage.
You hit something.
Unholy energy fills the air.
* * * LOW HITPOINT WARNING * * *
You slice something!! Your headbutt misses something.
Something hits you but does no damage. You block something's attack.
You hit something.
Reactivating autopickup.
You feel a bit more experienced.
You see here a hell hound corpse.
The hell hound breathes flames at you. The blast of flame hits you!
You die...

.########....####
.....^.......#....>
.§...........#....
.§§≈≈.........(##.#
§§§≈≈≈.............
≈≈.≈≈≈....)).##
≈≈>h§≈.....)..#
≈.≈≈≈≈.....<..#
.≈≈≈≈.$@.†....###
≈≈................
..............#.#..
....##........#.#
... ..........# .
#..........#.[# . #
..##.......... #.
....#.####.. .....
.# #.


You could see a hell hound.

Vanquished Creatures
  A hippogriff (D:8)
  A vampire (D:10)
  2 yaks (D:10)
  A steam dragon (D:8)
  Menkaure (D:4)
  A hell hound (D:10)
  3 ice beasts
  2 orc warriors
  A black bear (D:6)
  An ogre (D:6)
  4 centaurs
  7 bullfrogs
  A scorpion (D:8)
  5 wights (D:6)
  3 crimson imps
  2 centaur zombies
  A quasit (D:6)
  2 hounds
  2 orc priests
  2 bullfrog skeletons
  A centaur skeleton (D:6)
  2 iguanas
  5 orc wizards
  5 worker ants
  A killer bee zombie (D:7)
  A hound zombie (D:8)
  16 adders
  3 gnolls (D:5)
  2 shadow imps
  3 oozes
  An adder zombie (D:8)
  6 worms
  An adder skeleton (D:5)
  2 dart slugs
  6 leopard geckos
  22 orcs
  4 giant cockroaches
  9 goblins
  8 hobgoblins
  9 jackals
  6 quokkas
  A ball python (D:2)
  8 bats
  3 frilled lizards
  7 kobolds
  A leopard gecko skeleton (D:4)
  3 quokka skeletons
  13 rats
192 creatures vanquished.

Notes
Turn   | Place    | Note
-------+----------+-------------------------------------------
     0 | D:1      | Alfie the Minotaur Fighter began the quest for the Orb.
     0 | D:1      | Reached XP level 1. HP: 19/19 MP: 0/0
    51 | D:1      | Reached XP level 2. HP: 25/27 MP: 1/1
   388 | D:1      | Reached XP level 3. HP: 30/33 MP: 2/2
  1175 | D:2      | Reached skill level 3 in Long Blades
  1259 | D:2      | Reached XP level 4. HP: 24/40 MP: 3/3
  1308 | D:2      | Found a glowing golden altar of the Shining One.
  1905 | D:3      | Reached skill level 4 in Long Blades
  1949 | D:3      | Reached XP level 5. HP: 36/47 MP: 4/4
  2414 | D:4      | Reached skill level 5 in Armour
  2428 | D:4      | Noticed Menkaure
  2437 | D:4      | Killed Menkaure
  2437 | D:4      | Reached skill level 5 in Long Blades
  2437 | D:4      | Reached skill level 1 in Dodging
  2437 | D:4      | Reached XP level 6. HP: 53/53 MP: 5/5
  2441 | D:4      | Found a bloodstained altar of Trog.
  2525 | D:4      | Found a staircase to the Ecumenical Temple.
  2734 | D:5      | Entered Level 5 of the Dungeon
  2759 | D:5      | Noticed a moth of wrath
  2762 | D:5      | Found a bloodstained altar of Trog.
  3469 | D:5      | Found a stormy altar of Qazlal.
  3469 | D:5      | Found a sparkling altar of Nemelex Xobeh.
  3530 | D:6      | Reached skill level 6 in Long Blades
  3702 | D:6      | Reached skill level 5 in Shields
  3742 | D:6      | Reached skill level 5 in Fighting
  3742 | D:6      | Reached XP level 7. HP: 46/61 MP: 6/6
  3815 | D:6      | Got a shimmering cloak
  3821 | D:6      | Identified the +5 cloak of Vijianum {rPois MR- Str+8 Dex+4} (You found it on level 6 of the Dungeon)
  3901 | D:6      | Reached skill level 7 in Long Blades
  3990 | D:6      | Reached XP level 8. HP: 65/70 MP: 7/7
  4381 | D:7      | Learned a level 5 spell: Iskenderun's Battlesphere
  4383 | D:7      | Learned a level 1 spell: Confusing Touch
  4428 | D:7      | Reached skill level 8 in Long Blades
  4534 | D:7      | Reached skill level 1 in Stealth
  4551 | D:7      | Learned a level 1 spell: Magic Dart
  4670 | D:7      | Reached skill level 9 in Long Blades
  4959 | D:7      | Reached XP level 9. HP: 62/75 MP: 8/8
  5221 | D:8      | Reached skill level 10 in Long Blades
  5601 | D:9      | Noticed a two-headed ogre
  5651 | D:10     | Entered Level 10 of the Dungeon
  5682 | D:10     | Found a staircase to the Lair.
  5707 | D:10     | HP: 1/78 [something (3)]
  5712 | D:10     | HP: 3/78 [something/vampiric draining (10)]
  5718 | D:10     | Killed from afar by a hell hound

Skill      XL: |  1  2  3  4  5  6  7  8  9 |
---------------+----------------------------+-----
Armour         | 4 5 6 7 |  7.8
Fighting       | 4 5 6 |  6.9
Long Blades    | 3 4 5 6 7 9 10 | 10.9
Shields        | 4 5 7 8 |  8.8
Dodging        | 1 3 4 |  4.2
Stealth        | 1 |  1.2

Action                   |  1- 3 |  4- 6 |  7- 9 || total
-------------------------+-------+-------+-------++-------
Melee: Long sword        |    81 |   186 |   240 ||   507
       Headbutt          |    12 |    41 |    72 ||   125
  Use: Scroll            |     2 |     7 |     8 ||    17
       Potion            |       |     1 |     3 ||     4
  Eat: Fruit             |     1 |     2 |       ||     3
       Bread ration      |       |     1 |       ||     1
       Meat ration       |       |     1 |     1 ||     2
Armor: Scale mail        |    23 |   111 |   108 ||   242
Dodge: Dodged            |    26 |    55 |    87 ||   168
Block: Shield            |    40 |   127 |   160 ||   327
       Rpst.: Long sword |     4 |    19 |    15 ||    38
